Zazza, neutral female gnomish Wizard ------------ ---- |..........| |..| |..------..| |..| |.-- |..-- ---- |..| |.-- |..| --..| |.-- |..-- |.-- |...----|.| |...| |.| --.|.|.--.| --..| |.| G --|......--- |..- |.| --.......|--|... |.| .k.. F -----.....|.--.|... |.--- .... ...@. --.--......|....... |%%.| -.... ...-- |......------...*.. ---.--- ---......f-- --....-- --.... |...- --G..|.....| |.. ----- ---...)..|.|---.-- --.. |......|.| --- |...... --..|....| |..............--- ------..| -----...........<| |..| --.--.--..--.| |..| ------------- ---- Zazza the Evoker Experience level: 1 Strength: 13 Dexterity: 15 Constitution: 10 Intelligence: 19 Wisdom: 9 Charisma: 10 Health: 0(11) Energy: 9(9) Def: 1 Gold: 310 Moves: 1090 Dungeon seed: xzjuGiahXCLwBgpe Game ID: Zazza_1621711554 Your Inventory: Coins $ - 310 gold pieces Weapons a - a blessed +1 quarterstaff r - a +0 short sword Armor e - an uncursed +0 cloak of magic resistance (being worn) Comestibles p - 3 uncursed food rations Scrolls i - a blessed scroll of light j - an uncursed scroll of scare monster k - an uncursed scroll of magic mapping q - a cursed scroll of identify Spellbooks l - a blessed spellbook of force bolt m - an uncursed spellbook of slow monster Potions f - an uncursed potion of fruit juice g - an uncursed potion of gain level h - an uncursed potion of healing Rings c - an uncursed ring of free action d - an uncursed +1 ring of increase damage Wands b - a wand of make invisible (0:5) Tools n - a magic marker (0:78) u - a blessed figurine of a giant rat Spells and supernatural/magical abilities: Name Level Category Fail Memory a - force bolt 1 attack 0% 95% s - slow monster 2 enchantment 0% 95% W - pray for help -- divine ? -- Your skills at the end: Fighting Skills Weapon Skills quarterstaff [Basic] Spellcasting Skills attack spells [Basic] enchantment spells [Basic] Final Attributes: You were nominally aligned. You were magic-protected. You had infravision. You are dead. Vanquished creatures: a hobbit a giant rat a yellow mold a red mold a gnome zombie a gecko 8 jackals 3 foxes 2 kobolds 4 grid bugs a bat 3 lichens a kobold zombie a newt 29 creatures vanquished. Voluntary challenges: You never hit with a wielded weapon. You were a pacifist. You were illiterate. You never genocided any monsters. You never polymorphed an object. You never changed form. You used no wishes. You never split a pudding. You never wrote Elbereth's name. You never violated your personal moral code. Dungeon overview: The Dungeons of Doom: levels 1 to 3 Level 1 a fountain a long staircase Level 2 a fountain Level 3 some fountains stairs to The Gnomish Mines The Gnomish Mines: Level 4 <- You were here stairs to The Dungeons of Doom History has recorded: On T:1 you entered the Dungeons of Doom to retrieve the Amulet of Yendor! On T:227 you reached level 2 of The Dungeons of Doom. On T:541 you reached level 3 of The Dungeons of Doom. On T:816 you reached level 1 of The Gnomish Mines. Score breakdown: Gold: 310 ( 8479 points) Experience: 1 level ( 0 points) Exploration: 4 levels ( 8.33%) ( 7579 points) Discoveries: 1 item ( 0.35%) ( 1770 points) Valuables value: (no points given unless you survive) Artifact value: 0 ( 0 points) Variety of kills: 14 monsters ( 3.67%) ( 5750 points) Turncount: 1090 turns ( 0 points) Survival: died (score multiplied by 80%) Total score: 18862 Latest messages: The hobbit is killed! The bat is killed! Armand suddenly falls asleep! You cannot disable that trap. The giant rat bites! (2x) Armand doesn't seem to move! The giant rat bites! Armand bites the giant rat. The giant rat misses Armand. Armand bites the giant rat. The giant rat is killed! Armand eats a giant rat corpse. You hear crashing rock. You hear some noises. The grid bug is killed! (2x) The large kobold drinks a potion of gain level! The large kobold seems more experienced. The kobold lord hits! You begin praying to Thoth. You hear some noises. The grid bug is killed! The kobold lord hits! You die... Final status: Goodbye Zazza the Wizard, killed by a kobold lord, while praying... You died in The Gnomish Mines on dungeon level 4 with 18862 points, and 310 pieces of gold, after 1090 moves. You were level 1 with a maximum of 11 hit points when you died.